AoeStats
← sergioguarin19

Oasis

509397272Analyzed
3v3 RM · 6d ago on Sep 26, 2026· 46m 14s· 6 players
Game mode
Random Map
Map size
Normal (6 player)
Population
200
Speed
Normal
Resources
Standard
Victory
Conquest
Starting age
Dark Age
Ending age
Imperial Age
RankedLock teamsTeams togetherTeam positionsShared explorationLock speedFull tech treeHidden civsTurbo modeCheats
Victory
Defeat
🇨🇴 Khmer · Colombia
1079
+11
🇫🇷 Maya · France
1046
+12
🇨🇴 Mongols · Colombia
959
+16
🇹🇭 Italians · Thailand
1015
-15
🇺🇸 Goths · United States
968
-13
🇮🇳 Khmer · India
906
-11
sarfaoui4
0:58 Loom
2:19 Loom
11:02 Feudal Age
16:14 Castle Age
14:22 Double-Bit Axe
17:37 Wheelbarrow
17:55 Bow Saw
20:59 Horse Collar
23:42 Heavy Plow
24:06 Gold Mining
25:23 Forging
25:13 Scale Mail Armor
25:21 Eagle Warrior
28:00 Chain Mail Armor
28:25 Iron Casting
27:56 Stone Mining
29:11 Hand Cart
29:03 Squires
34:14 Imperial Age
36:06 Holcans
35:45 Elite Eagle Warrior
36:13 Arson
37:32 Blast Furnace
38:38 Plate Mail Armor
40:08 Conscription
sergioguarin19
2:32 Loom
10:49 Feudal Age
11:27 Double-Bit Axe
15:04 Horse Collar
20:39 Castle Age
19:35 Scale Barding Armor
21:38 Forging
23:48 Heavy Plow
25:12 Bloodlines
25:11 Husbandry
26:06 Chain Barding Armor
28:46 Iron Casting
29:48 Gold Mining
33:14 Bow Saw
33:49 Tusk Swords
37:25 Imperial Age
37:32 Wheelbarrow
37:23 Town Watch
38:35 Conscription
37:44 Elite Battle Elephant
39:05 Plate Barding Armor
39:00 Hand Cart
41:19 Crop Rotation
42:42 Blast Furnace
44:30 Fletching
44:21 Crossbowman
cristianalarconcalderon
11:20 Feudal Age
15:51 Castle Age
14:38 Double-Bit Axe
19:27 Gold Mining
21:28 Fletching
23:41 Bodkin Arrow
25:54 Padded Archer Armor
30:36 Wheelbarrow
31:45 Gold Shaft Mining
34:06 Leather Archer Armor
38:25 Imperial Age
40:10 Ballistics
41:27 Chemistry
40:40 Bracer
40:28 Elite Mangudai
43:59 Masonry
43:59 Murder Holes
44:42 Onager
46:38 Drill
Lucifer
3:43 Loom
11:13 Feudal Age
13:03 Double-Bit Axe
16:15 Castle Age
14:38 Gold Mining
14:33 Horse Collar
20:15 Stone Mining
24:07 Heavy Plow
24:40 Pikeman
31:16 Imperial Age
28:49 Squires
28:09 Pikeman
30:39 Scale Mail Armor
30:50 Forging
32:13 Halberdier
35:01 Conscription
34:44 Perfusion
40:37 Chain Mail Armor
findsarfaraz
2:33 Loom
11:57 Feudal Age
12:50 Horse Collar
14:47 Double-Bit Axe
21:44 Castle Age
21:25 Stone Mining
22:58 Padded Archer Armor
22:49 Fletching
22:23 Elite Skirmisher
29:47 Leather Archer Armor
32:17 Heavy Plow
40:42 Light Cavalry
42:33 Ballistics
theSy
4:06 Loom
12:37 Feudal Age
18:09 Castle Age
22:55 Double-Bit Axe
24:38 Fletching
25:36 Horse Collar
27:02 Pikeman
36:29 Bodkin Arrow
39:54 Imperial Age
38:04 Wheelbarrow
38:19 Scale Barding Armor
40:51 Hand Cart
40:59 Conscription
41:38 Forging
41:35 Scale Mail Armor
41:52 Bow Saw
41:43 Heavy Plow
Connection lost

Rejoining the realm…

Still unreachable

The connection could not be restored.

Session expired

The server has moved on; the page needs a fresh start.